 Dungeon Crawl Stone Soup version 0.30.1-11-g7821555f0a (webtiles) character file.

Game seed: 16613925955417114071

4586 SacredBeard the Markself (level 10, -5/46 HPs)
             Began as a Deep Elf Hexslinger on Oct 30, 2023.
             Was a Follower of Hepliaklqana.
             Slain by an orc knight
             ... wielding a +0 war axe
              (15 damage)
             ... in a bailey.
             The game lasted 00:32:40 (8990 turns).

SacredBeard the Markself (Deep Elf Hexslinger)      Turns: 8990, Time: 00:32:42

Health: -5/46      AC:  9    Str: 15    XL:     10   Next: 18%
Magic:  13/21      EV: 14    Int: 25    God:    Hepliaklqana [*.....]
Gold:   456        SH:  0    Dex: 19    Spells: 10/21 levels left

rFire   + + .        G - +0 shortbow
rCold   . . .        (shield currently unavailable)
rNeg    . . .        H - +0 steam dragon scales
rPois   +            m - +0 helmet "Xeoradd" {rF+ Stlth+}
rElec   .            c - +0 cloak {rPois}
rCorr   .            x - +0 pair of gloves
SInv    .            D - +0 pair of boots
Will    +....        (no amulet)
Stlth   +++          k - +6 ring of strength
HPRegen 0.27/turn    w - ring "Yhetuny" {Drain rF+ Str+2 Int+6}
MPRegen 0.17/turn

%: no passive effects
@: no status effects
A: reduced essence
a: Renounce Religion, Recall Ancestor, Ancestor Identity


You were in a bailey.
You worshipped Hepliaklqana.
Hepliaklqana was aware of your devotion.
You visited 2 branches of the dungeon, and saw 9 of its levels.
You also visited: Bailey.

You collected 456 gold pieces.

Inventory:

Hand Weapons
 a - a +1 sling
 h - a +2 dagger of venom
 v - a +1 rapier of speed
 G - a +0 shortbow (weapon)
Armour
 c - a +0 cloak of poison resistance (worn)
 m - the +0 helmet "Xeoradd" (worn) {rF+ Stlth+}
   (You found it on level 3 of the Dungeon)

   rF:        It protects you from fire.
   Stlth:     It makes you more stealthy.
 x - a +0 pair of gloves (worn)
 B - the +0 scale mail of Ipteh {-Tele rElec rC++ SInv}
   (You took it off an orc priest on level 6 of the Dungeon)

   rC:        It greatly protects you from cold.
   rElec:     It insulates you from electricity.
   SInv:      It lets you see invisible.
   -Tele:     It prevents most forms of teleportation.
 D - a +0 pair of boots (worn)
 H - +0 steam dragon scales (worn)
Jewellery
 k - a +6 ring of strength (left hand)
 w - the ring "Yhetuny" (right hand) {Drain rF+ Str+2 Int+6}
   (You found it on level 6 of the Dungeon)

   [ring of intelligence]

   Str:       It affects your strength (+2).
   Int:       It affects your intelligence (+6).
   rF:        It protects you from fire.
   Drain:     It drains your maximum health when unequipped.
 A - a ring of ice
Wands
 o - a wand of charming (21)
 y - a wand of polymorph (13)
Scrolls
 b - 3 scrolls of poison
 d - 3 scrolls of summoning {unknown}
 e - 5 scrolls of teleportation {unknown}
 f - 4 scrolls of noise {unknown}
 g - 8 scrolls of identify {unknown}
 j - a scroll of torment {unknown}
 q - a scroll of enchant armour {unknown}
 r - 3 scrolls of fear {unknown}
 s - a scroll of blinking {unknown}
 t - a scroll of magic mapping {unknown}
 z - 2 scrolls of vulnerability {unknown}
 E - a scroll of amnesia {unknown}
Potions
 i - 3 potions of invisibility {unknown}
 l - a potion of berserk rage {unknown}
 n - a potion of mutation {unknown}
 p - a potion of brilliance {unknown}
 u - 6 potions of curing {unknown}
 C - a potion of haste
 F - a potion of degeneration {unknown}


   Skills:
 - Level 1.0 Fighting
 * Level 16.5 Ranged Weapons
 + Level 4.5 Dodging
 + Level 6.4 Spellcasting
 + Level 6.5 Hexes
 + Level 2.7 Evocations


You had 10 spell levels left.
You knew the following spells:

 Your Spells              Type           Power      Damage    Failure   Level
a - Slow                  Hex            100%       N/A       1%          1
b - Inner Flame           Hex/Fire       24%        N/A       5%          3
c - Portal Projectile     Hex/Tloc       48%        N/A       5%          3
d - Cause Fear            Hex            20%        N/A       4%          4

Your spell library contained the following spells:

 Spells                   Type           Power      Damage    Failure   Level
 Tukima's Dance           Hex            40%        N/A       1%          3
 Freeze                   Ice            32%        1d5       7%          1
 Shock                    Conj/Air       32%        1d5       7%          1
 Lesser Beckoning         Tloc           16%        N/A       11%         2
 Poisonous Vapours        Pois/Air       16%        N/A       11%         2
 Frozen Ramparts          Ice            16%        1d3       22%         3
 Gell's Gravitas          Tloc           8%         N/A       22%         3
 Hailstorm                Conj/Ice       8%         3d4       22%         3
 Mephitic Cloud           Conj/Pois/Air  8%         N/A       22%         3
 Ozocubu's Armour         Ice            8%         N/A       22%         3
 Swiftness                Air            8%         N/A       22%         3
 Teleport Other           Tloc           8%         N/A       22%         3
 Metabolic Englaciation   Hex/Ice        12%        N/A       45%         5
 Airstrike                Air            4%         2d(1-17)  56%         4
 Blade Hands              Tmut           4%         N/A       89%         5
 Freezing Cloud           Conj/Ice/Air   4%         6-21      89%         5
 Simulacrum               Ice/Necr       4%         N/A       100%        6


Dungeon Overview and Level Annotations

Branches:
Dungeon (8/15) Zot: 26613  Temple (1/1) D:6 Zot: 5627  Bailey (1/1) Zot: 5723
   Lair: D:8-11

Altars:
Ashenzari
Dithmenos
Elyvilon
Fedhas
Gozag
Hepliaklqana
Kikubaaqudgha
Makhleb
Nemelex Xobeh
Okawaru
Qazlal
Ru
Sif Muna
Trog
Uskayaw
Vehumet
Wu Jian
Xom
Yredelemnul
Zin
The Shining One

Annotations:
D:5 3 runed translucent doors, Duvessa; mihai's ghost, novice DjFE


Message History

You shoot an arrow. The arrow barely misses the orc knight.
The arrow hits the hobgoblin!
You kill the hobgoblin!
You shoot an arrow.
The arrow hits the orc knight but does no damage.
The orc knight is lightly wounded.
You shoot an arrow. The arrow hits the orc knight.
Flame seeps out of the orc knight.
The orc knight is lightly wounded.
The orc knight is engulfed in blazing flames.
Flame seeps out of the orc knight.
The orc knight's inner flame fades away.
The orc knight is no longer moving slowly.
The goblin hits you but does no damage.
The orc knight resists with some effort.
The orc knight hits you with a +0 war axe.
The goblin closely misses you.
The orc knight resists with some effort.
The orc knight hits you with a +0 war axe!!
Ouch! That really hurt!
The goblin misses you.
You are too injured to fight recklessly!
Casting: Slow (safe; 1% risk of failure)
Confirm with . or Enter, or press ? or * to list all spells.
Aiming: Slow (safe; 1% risk of failure)
Press: ? - help, Shift-Dir - straight line, f/p - orc knight
Aim: an orc knight, wielding a +0 war axe and wearing a +0 plate armour (moderately wounded, chance to affect: 38%)
The orc knight resists with some effort.
The orc knight hits you with a +0 war axe!
* * * LOW HITPOINT WARNING * * *
The goblin hits you but does no damage.
Casting: Slow (safe; 1% risk of failure)
Confirm with . or Enter, or press ? or * to list all spells.
Aiming: Slow (safe; 1% risk of failure)
Press: ? - help, Shift-Dir - straight line, f/p - orc knight
Aim: an orc knight, wielding a +0 war axe and wearing a +0 plate armour (moderately wounded, chance to affect: 38%)
The orc knight seems to slow down.
The goblin hits you with a +0 hand axe.
* * * LOW HITPOINT WARNING * * *
The orc knight hits you with a +0 war axe!
You die...

♣♣♣♣♣ ♣♣...♣♣
♣♣♣♣.....♣♣♣♣
♣...........♣
♣♣....∩....♣♣
♣♣.........♣ ♣.....go...♣
♣♣♣....@..♣♣ ♣........♣
♣♣##'''##♣ ##..)..##
#.......# ##.......##
#..)).....# ##))...)...##
#######.)).)⌠.)...#######


You could see an orc knight (slow) and a goblin.

Vanquished Creatures
  A two-headed ogre (D:8)
  Maurice (D:8)
  Eustachio (D:6)
  2 steam dragons
  4 water moccasins
  3 orc warriors
  3 ice beasts
  2 sky beasts
  2 black bears (D:5)
  2 centaurs
  3 ogres
  3 bullfrogs
  2 scorpions
  Dowan (D:5)
  A howler monkey (D:4)
  4 hounds
  2 gnoll boudas (D:6)
  5 orc priests
  6 iguanas
  6 orc wizards
  18 gnolls
  6 adders
  2 white imps (D:5)
  2 worms
  A dart slug (D:3)
  34 orcs
  8 bats
  7 endoplasms
  5 giant cockroaches
  20 goblins
  13 hobgoblins
  6 jackals
  5 quokkas
  14 ball pythons
  6 frilled lizards
  11 kobolds
  9 rats
221 creatures vanquished.

Vanquished Creatures (collateral kills)
  A howler monkey (D:8)
  A goblin (Bailey)
2 creatures vanquished.

Vanquished Creatures (others)
  2 ancestors (Bailey)
2 creatures vanquished.

Grand Total: 225 creatures vanquished

Notes
Turn   | Place    | Note
-------+----------+-------------------------------------------
     0 | D:1      | SacredBeard the Deep Elf Hexslinger began the quest for the
                  | Orb.
     0 | D:1      | Reached XP level 1. HP: 11/11 MP: 5/5
    73 | D:1      | Reached skill level 3 in Ranged Weapons
    86 | D:1      | Reached XP level 2. HP: 16/16 MP: 6/6
    89 | D:1      | Reached skill level 1 in Fighting
   688 | D:1      | Reached XP level 3. HP: 20/20 MP: 8/8
  1064 | D:2      | Reached skill level 4 in Ranged Weapons
  1408 | D:3      | Reached XP level 4. HP: 25/25 MP: 9/9
  1541 | D:3      | Identified the +0 helmet "Xeoradd" {rF+ Stlth+}
  1582 | D:3      | Found a faded altar of an unknown god.
  1659 | D:3      | Reached skill level 5 in Ranged Weapons
  1659 | D:3      | Reached skill level 5 in Hexes
  1659 | D:3      | Reached XP level 5. HP: 9/29 MP: 11/11
  2671 | D:4      | Learned a level 3 spell: Inner Flame
  2675 | D:4      | Learned a level 3 spell: Portal Projectile
  2920 | D:4      | Reached XP level 6. HP: 34/34 MP: 13/13
  3008 | D:4      | Reached skill level 6 in Ranged Weapons
  3555 | D:5      | Entered Level 5 of the Dungeon
  3612 | D:5      | Reached skill level 7 in Ranged Weapons
  3612 | D:5      | Reached XP level 7. HP: 38/38 MP: 5/15
  3917 | D:5      | Reached skill level 5 in Spellcasting
  4068 | D:5      | Reached skill level 8 in Ranged Weapons
  4089 | D:5      | Noticed Dowan
  4501 | D:5      | Found a runed translucent gate.
  4502 | D:5      | Found a runed translucent gate.
  4502 | D:5      | Found a runed translucent gate.
  4503 | D:5      | Found an opulent altar of Gozag.
  4504 | D:5      | Noticed a steam dragon
  4504 | D:5      | Noticed mihai's ghost (novice DjFE)
  4698 | D:5      | Reached skill level 9 in Ranged Weapons
  4729 | D:5      | Found a stormy altar of Qazlal.
  4737 | D:5      | Reached XP level 8. HP: 43/43 MP: 11/19
  4792 | D:5      | Noticed Duvessa
  4825 | D:5      | Killed Dowan
  4856 | D:6      | Noticed Eustachio
  4866 | D:6      | Killed Eustachio
  4867 | D:6      | Reached skill level 10 in Ranged Weapons
  4940 | D:6      | Reached skill level 11 in Ranged Weapons
  4998 | D:6      | Identified the ring "Yhetuny" {Drain rF+ Str+2 Int+6}
  5283 | D:6      | Reached skill level 12 in Ranged Weapons
  5827 | D:6      | Found a hide-covered altar of Uskayaw.
  5879 | D:6      | Noticed a +0 hand axe
  5879 | D:6      | Noticed a +0 dagger
  5933 | D:6      | Reached skill level 13 in Ranged Weapons
  5992 | D:6      | Found a staircase to the Ecumenical Temple.
  6095 | D:6      | Reached XP level 9. HP: 47/47 MP: 15/20
  6450 | Temple   | Entered the Ecumenical Temple
  6749 | Temple   | Became a worshipper of Hepliaklqana the Forgotten
  6897 | D:7      | Reached skill level 14 in Ranged Weapons
  7154 | D:7      | Identified the +0 scale mail of Ipteh {-Tele rElec rC++
                  | SInv}
  7154 | D:7      | Found a radiant altar of Vehumet.
  7971 | D:7      | Reached skill level 15 in Ranged Weapons
  8347 | D:8      | Reached skill level 1 in Evocations
  8495 | D:8      | Reached * piety under Hepliaklqana
  8496 | D:8      | Noticed Maurice
  8512 | D:8      | Killed Maurice
  8513 | D:8      | Reached skill level 16 in Ranged Weapons
  8518 | D:8      | Learned a level 4 spell: Cause Fear
  8606 | D:8      | Found a sparkling altar of Nemelex Xobeh.
  8637 | D:8      | Noticed a two-headed ogre
  8647 | D:8      | Killed a two-headed ogre
  8648 | D:8      | Reached XP level 10. HP: 46/46 MP: 17/21
  8685 | D:8      | Found a flagged portal.
  8694 | Bailey   | Entered a bailey
  8935 | Bailey   | Noticed an orc knight
  8990 | Bailey   | Slain by an orc knight

Illustrated notes

Levels and vault maps discovered:
D:1:      dpeg_arrival_signposts, layout_basic, st_stairs_5, kennysheep_doodads
D:2:      layout_basic, feat_on_display
D:3:      layout_basic, dreamdust_ecumenical_altar_angels_and_demons,
          serial_bayou_pond_b, cheibrodos_gnoll_hut
D:4:      layout_basic
D:5:      layout_loops_ring, nicolae_qazlal_scattered_showers,
          ebering_ghost_gozag, uniq_duvessa
D:6:      layout_gridville, dancing_weapons_uskayaw,
          minmay_temple_entry_glassed_door, uniq_eustachio
D:7:      layout_rooms, mainiacjoe_overflow_catwalk
D:8:      layout_basic, overflow_temple_1_default, enter_bailey_5, uniq_maurice
Temple:   minmay_temple_bridge_d
Bailey:   bailey_axe_minmay_hex_keep, bailey

Skill      XL: |  1  2  3  4  5  6  7  8  9 |
---------------+----------------------------+-----
Ranged Weapons | 3 4 5 7 9 13 16 | 16.5
Fighting       | 1 |  1.0
Spellcasting   | 2 3 4 6 |  6.4
Dodging        | 3 4 |  4.5
Hexes          | 5 6 |  6.5
Evocations     | 2 |  2.7

Action                     |  1- 3 |  4- 6 |  7- 9 | 10-12 || total
---------------------------+-------+-------+-------+-------++-------
   Fire: Sling             |   161 |   218 |   288 |       ||   667
         Shortbow          |       |       |    48 |    74 ||   122
   Cast: Slow              |    16 |    28 |    95 |    22 ||   161
         Inner Flame       |       |     5 |    52 |     8 ||    65
         Portal Projectile |       |       |     1 |       ||     1
 Invoke: Ancestor Identity |       |       |     2 |       ||     2
 Armour: Robe              |    15 |    19 |    15 |       ||    49
         Steam dragon scal |       |       |       |     3 ||     3
  Dodge: Dodged            |    70 |    63 |    71 |    10 ||   214
